% Time on Ice - KANSAS CITY KILLERBEES
Lines # - Real PCT - Wanted PCT - Time Play
Normal Forward
1 - 22% - 36% - 10:43
2 - 32% - 31% - 15:33
3 - 30% - 23% - 14:24
4 - 15% - 10% - 7:26
Normal Defense
1 - 33% - 36% - 15:46
2 - 29% - 31% - 13:57
3 - 33% - 23% - 16:02
4 - 5% - 10% - 2:21
PP Forward
1 - 50% - 55% - 2:58
2 - 50% - 45% - 2:59
PP Defense
1 - 48% - 55% - 2:53
2 - 52% - 45% - 3:04
PK Forward
1 - 61% - 55% - 2:24
2 - 39% - 45% - 1:34
PK Defense
1 - 61% - 55% - 2:24
2 - 39% - 45% - 1:34
PK3 Forward
1 - 0% - 55%
2 - 0% - 45%
PK3 Defense
1 - 0% - 55%
2 - 0% - 45%
44 Forward
1 - 50% - 55% - 1:00
2 - 50% - 45% - 0:59
44 Defense
1 - 50% - 55% - 1:00
2 - 50% - 45% - 0:59
Last Minute Offensive  - 0:00
Last Minute Defensive  - 0:00
Total
Forward - 60:00
Defense - 60:00
% Time on Ice - PHOENIX MUSTANGS
Lines # - Real PCT - Wanted PCT - Time Play
Normal Forward
1 - 30% - 32% - 14:34
2 - 30% - 32% - 14:30
3 - 25% - 26% - 12:14
4 - 14% - 10% - 6:48
Normal Defense
1 - 36% - 42% - 17:29
2 - 36% - 40% - 17:21
3 - 28% - 18% - 13:16
4 - 0% - 0% - 0:00
PP Forward
1 - 41% - 55% - 1:37
2 - 59% - 45% - 2:21
PP Defense
1 - 52% - 58% - 2:04
2 - 48% - 42% - 1:54
PK Forward
1 - 61% - 56% - 3:37
2 - 39% - 44% - 2:20
PK Defense
1 - 55% - 58% - 3:18
2 - 45% - 42% - 2:39
PK3 Forward
1 - 0% - 50%
2 - 0% - 50%
PK3 Defense
1 - 0% - 50%
2 - 0% - 50%
44 Forward
1 - 49% - 50% - 0:58
2 - 51% - 50% - 1:01
44 Defense
1 - 38% - 50% - 0:45
2 - 62% - 50% - 1:14
Last Minute Offensive  - 0:00
Last Minute Defensive  - 0:00
Total
Forward - 60:00
Defense - 60:00
Play-by-Play 1st period 0:01 of 1st period - John Tavares wins face-off versus Zach Aston-Reese in neutral zone. 0:06 of 1st period - Shot by Teuvo Teravainen. 0:06 of 1st period - Stopped by Casey DeSmith without a rebound. 0:07 of 1st period - Jonathan Miller wins face-off versus Benoit-Olivier Groulx in KANSAS CITY KILLERBEES zone. 0:14 of 1st period - Shot by David Perron. 0:14 of 1st period - Stopped by Casey DeSmith without a rebound. 0:15 of 1st period - Tyler Johnson wins face-off versus Jesper Fast in KANSAS CITY KILLERBEES zone. 0:31 of 1st period - Shot by Jordan Martinook. 0:31 of 1st period - Shot Blocked by Will Butcher. 0:53 of 1st period - Shot by Frederick Gaudreau. 0:53 of 1st period - Deflect By Jordan Martinook. 0:53 of 1st period - Shot Misses the Net. 1:24 of 1st period - Shot by Clayton Keller. 1:24 of 1st period - Stopped by Casey DeSmith without a rebound. 1:25 of 1st period - Jonathan Miller wins face-off versus Zach Aston-Reese in KANSAS CITY KILLERBEES zone. 1:32 of 1st period - Shot by Jonathan Miller. 1:32 of 1st period - Shot Hit the Post. 2:03 of 1st period - Shot by Jonathan Miller. 2:03 of 1st period - Stopped by Casey DeSmith without a rebound. 2:04 of 1st period - Ryan Dzingel wins face-off versus Jason Spezza in KANSAS CITY KILLERBEES zone. 2:04 of 1st period - Ryan Dzingel is hit by Dustin Brown. 2:21 of 1st period - Off-side. 2:22 of 1st period - John Tavares wins face-off versus Zack Kassian in neutral zone. 2:22 of 1st period - John Tavares is hit by Zack Kassian. 2:30 of 1st period - Shot by Clayton Keller. 2:30 of 1st period - Stopped by Casey DeSmith without a rebound. 2:31 of 1st period - Clayton Keller wins face-off versus Benoit-Olivier Groulx in KANSAS CITY KILLERBEES zone. 2:38 of 1st period - Shot by Teuvo Teravainen. 2:38 of 1st period - Shot Misses the Net. 2:40 of 1st period - Shot by Erik Karlsson. 2:40 of 1st period - Stopped by Casey DeSmith without a rebound. 2:41 of 1st period - Jonathan Miller wins face-off versus Zach Aston-Reese in KANSAS CITY KILLERBEES zone. 3:05 of 1st period - Icing by Radko Gudas. 3:06 of 1st period - Jonathan Miller wins face-off versus Benoit-Olivier Groulx in PHOENIX MUSTANGS zone. 3:37 of 1st period - Off-side. 3:38 of 1st period - John Tavares wins face-off versus Zack Kassian in neutral zone. 3:40 of 1st period - Clayton Keller is hit by Cam Fowler and loses puck. 4:15 of 1st period - Shot by John Tavares. 4:15 of 1st period - Stopped by Casey DeSmith without a rebound. 4:16 of 1st period - Jordan Martinook wins face-off versus Tyler Johnson in KANSAS CITY KILLERBEES zone. 5:22 of 1st period - Icing by Jesper Fast. 5:23 of 1st period - Frederick Gaudreau wins face-off versus Zach Aston-Reese in PHOENIX MUSTANGS zone. 5:29 of 1st period - Icing by Cam Fowler. 5:30 of 1st period - John Tavares wins face-off versus Zach Aston-Reese in KANSAS CITY KILLERBEES zone. 5:31 of 1st period - Shot by Clayton Keller. 5:31 of 1st period - Shot Misses the Net. 5:48 of 1st period - Cam Fowler is hit by Clayton Keller and loses puck. 5:59 of 1st period - Shot by Zach Aston-Reese. 5:59 of 1st period - Shot Misses the Net. 6:55 of 1st period - Colin Miller is hit by Jonathan Miller and loses puck. 7:06 of 1st period - Colin Miller is hit by Radko Gudas and loses puck. 7:52 of 1st period - Icing by Will Butcher. 7:53 of 1st period - Jason Spezza wins face-off versus Michael Chaput in KANSAS CITY KILLERBEES zone. 8:21 of 1st period - Dustin Brown is hit by Jacob Muzzin. 8:27 of 1st period - Shot by Jason Spezza. 8:27 of 1st period - Shot Misses the Net. 8:31 of 1st period - Shot by Dustin Brown. 8:31 of 1st period - Stopped by Casey DeSmith without a rebound. 8:32 of 1st period - Frederick Gaudreau wins face-off versus Zach Aston-Reese in KANSAS CITY KILLERBEES zone. 9:10 of 1st period - Shot by James van Riemsdyk. 9:10 of 1st period - Shot Misses the Net. 9:12 of 1st period - Shot by K'Andre Miller. 9:12 of 1st period - Deflect By James van Riemsdyk. 9:12 of 1st period - Stopped by Joonas Korpisalo without a rebound. 9:13 of 1st period - John Tavares wins face-off versus Zack Kassian in PHOENIX MUSTANGS zone. 9:15 of 1st period - Icing by Teuvo Teravainen. 9:16 of 1st period - Benoit-Olivier Groulx wins face-off versus Clayton Keller in PHOENIX MUSTANGS zone. 9:20 of 1st period - Icing by Jeff Petry. 9:21 of 1st period - John Tavares wins face-off versus Michael Chaput in PHOENIX MUSTANGS zone. 9:41 of 1st period - Shot by Teuvo Teravainen. 9:41 of 1st period - Stopped by Casey DeSmith with a rebound. 9:51 of 1st period - Shot by Teuvo Teravainen. 9:51 of 1st period - Stopped by Casey DeSmith without a rebound. 9:52 of 1st period - Jonathan Miller wins face-off versus Zach Aston-Reese in KANSAS CITY KILLERBEES zone. 10:01 of 1st period - Shot by David Perron. 10:01 of 1st period - Deflect By Jonathan Miller. 10:01 of 1st period - Shot Misses the Net. 10:42 of 1st period - Jonathan Miller is hit by K'Andre Miller and loses puck. 11:26 of 1st period - Jordan Martinook is hit by K'Andre Miller and loses puck. 11:30 of 1st period - Minor Penalty to K'Andre Miller for Hooking. 11:31 of 1st period - John Tavares wins face-off versus Anders Bjork in KANSAS CITY KILLERBEES zone. 11:46 of 1st period - Shot by Clayton Keller. 11:46 of 1st period - Shot Misses the Net. 12:09 of 1st period - Icing by Erik Karlsson. 12:10 of 1st period - John Tavares wins face-off versus Anders Bjork in PHOENIX MUSTANGS zone. 12:39 of 1st period - Icing by Andrew Copp. 12:40 of 1st period - Andrew Copp wins face-off versus Anders Bjork in PHOENIX MUSTANGS zone. 12:48 of 1st period - Off-side. 12:49 of 1st period - Zach Aston-Reese wins face-off versus Andrew Copp in neutral zone. 13:15 of 1st period - Shot by Frederick Gaudreau. 13:15 of 1st period - Shot Blocked by Zach Aston-Reese. 13:58 of 1st period - Shot by Dustin Brown. 13:58 of 1st period - Shot Misses the Net. 14:05 of 1st period - Jason Spezza is hit by Jacob Muzzin and loses puck. 14:35 of 1st period - Shot by Cam Fowler. 14:35 of 1st period - Stopped by Joonas Korpisalo without a rebound. 14:36 of 1st period - John Tavares wins face-off versus Zack Kassian in PHOENIX MUSTANGS zone. 15:32 of 1st period - Icing by Colin Miller. 15:33 of 1st period - Tyler Johnson wins face-off versus Jonathan Miller in KANSAS CITY KILLERBEES zone. 15:33 of 1st period - Colin Miller is hit by David Perron and loses puck. 15:47 of 1st period - Icing by Michael Chaput. 15:48 of 1st period - Tyler Johnson wins face-off versus Frederick Gaudreau in KANSAS CITY KILLERBEES zone. 15:48 of 1st period - Colin Miller is hit by Jordan Martinook and loses puck. 15:52 of 1st period - Colin Miller is hit by Jordan Martinook. 15:59 of 1st period - Minor Penalty to Jeremy Lauzon for Hooking. 16:00 of 1st period - Andrew Copp wins face-off versus Alexis Lafreniere in PHOENIX MUSTANGS zone. 16:19 of 1st period - Shot by Ryan Dzingel. 16:19 of 1st period - Shot Blocked by Jeff Petry. 17:39 of 1st period - Shot by Ryan Dzingel. 17:39 of 1st period - Shot Misses the Net. 17:41 of 1st period - Shot by Cam Fowler. 17:41 of 1st period - Stopped by Joonas Korpisalo without a rebound. 17:42 of 1st period - Tyler Johnson wins face-off versus Andrew Copp in PHOENIX MUSTANGS zone. 18:29 of 1st period - Shot by Benoit-Olivier Groulx. 18:29 of 1st period - Stopped by Joonas Korpisalo without a rebound. 18:30 of 1st period - Jason Spezza wins face-off versus Zack Kassian in PHOENIX MUSTANGS zone. 18:49 of 1st period - Shot by Dustin Brown. 18:49 of 1st period - Shot Misses the Net. 18:51 of 1st period - Shot by Jason Spezza. 18:51 of 1st period - Goal by Jason Spezza - KANSAS CITY KILLERBEES : 0 - PHOENIX MUSTANGS : 1. 18:52 of 1st period - Jonathan Miller wins face-off versus Tyler Johnson in neutral zone. 19:21 of 1st period - Shot by Tyler Johnson. 19:21 of 1st period - Stopped by Joonas Korpisalo without a rebound. 19:22 of 1st period - Zach Aston-Reese wins face-off versus John Tavares in PHOENIX MUSTANGS zone. 19:23 of 1st period - Shot by Alexis Lafreniere. 19:23 o